 Dungeon Crawl Stone Soup version 0.32-a0-22-g6ae6769602 (webtiles) character file.

Game seed: 14323001352943993572

57 senseless the Ruffian (level 3, -12/27 HPs)
             Began as a Demonspawn Shapeshifter on Jan 18, 2024.
             Blown up by Ijyb (18 damage)
             ... with a mindburst bolt
             ... on level 3 of the Dungeon.
             The game lasted 00:03:18 (1627 turns).

senseless the Ruffian (Demonspawn Shapeshifter)     Turns: 1627, Time: 00:03:19

Health: -12/27     AC:  3    Str: 16    XL:     3   Next: 73%
Magic:  0/3        EV: 12    Int: 16    God:
Gold:   105        SH:  0    Dex: 12    Spells: 1/2 levels left

rFire   . .          .
                       - Unarmed
rCold   . . .        (no shield)
rNeg    . . .        a - +1 animal skin
rPois   .            (helmet currently unavailable)
rElec   .            (cloak currently unavailable)
rCorr   .            (gloves currently unavailable)
SInv    .            (boots currently unavailable)
Will    .....        (no amulet)
Stlth   +            f - +6 ring of intelligence
HPRegen 0.24/turn    m - ring of wizardry
MPRegen 0.08/turn

%: wizardry (x1)
@: beast-form, very slightly contaminated
A: beast (slay +1), powered by death 2
a: Begin Untransformation


You were on level 3 of the Dungeon.
You were a hulking beast.
You visited 1 branch of the dungeon, and saw 3 of its levels.

You collected 105 gold pieces.

Inventory:

Missiles
 h - 3 silver javelins
Armour
 a - a +1 animal skin (worn)
 n - a +0 pair of gloves
Jewellery
 f - a +6 ring of intelligence (left hand)
 m - a ring of wizardry (right hand)
Talismans
 c - a beast talisman
 d - a flux talisman
Scrolls
 e - a scroll of enchant weapon
 i - a scroll of enchant armour
 l - 3 scrolls of fear
 o - a scroll of immolation {unknown}
 p - a scroll of vulnerability
Potions
 b - a potion of lignification
 j - a potion of curing
 k - 3 potions of enlightenment


   Skills:
 * Level 2.0 Fighting
 * Level 2.3 Dodging
 * Level 3.1 Unarmed Combat
 + Level 0.0 Spellcasting
 + Level 0.0 Necromancy
 * Level 3.1 Shapeshifting


You had one spell level left.
You knew the following spells:

 Your Spells              Type           Power      Damage    Failure   Level
a - Necrotise             Necr           0%         1d4       11%         1

Your spell library contained the following spells:

 Spells                   Type           Power      Damage    Failure   Level
 Vampiric Draining        Necr           0%         2d6       28%         3
 Martyr's Knell           Necr/Summ      0%         N/A       65%         4
 Curse of Agony           Necr           0%         N/A       93%         5


Dungeon Overview and Level Annotations

Branches:
Dungeon (3/15)

Altars:

Annotations:
D:3 Ijyb


Innate Abilities, Weirdness & Mutations

You are a hulking beast.
Your limbs bulge with bestial killing power. (Slay +1)
You regenerate health from kills.


Message History

No target in view!
No target in view!
No target in view!
No target in view!
No target in view!
No target in view!
No target in view!
No target in view!
A goblin comes into view. It is wielding a +0 dagger.
The goblin moves out of view.
Ijyb the Twisted Goblin comes into view.
She is wielding a +0 dagger, wearing a +1 leather armour of willpower and carrying a wand of mindburst.
You cannot cast spells when silenced!
Ijyb hits you with a +0 dagger.
You closely miss Ijyb. Ijyb hits you with a +0 dagger.
You miss Ijyb. Ijyb hits you with a +0 dagger. The goblin barely misses you.
You closely miss Ijyb.
Your hearing returns.
Ijyb hits you with a +0 dagger. The goblin hits you but does no damage.
You miscast Necrotise.
You are very lightly contaminated with residual magic.
Nothing appears to happen.
The goblin hits you with a +0 dagger. Ijyb barely misses you.
You are too injured to fight recklessly!
Casting: Necrotise (safe; 11% risk of failure)
Confirm with . or Enter, or press ? or * to list all spells.
Aiming: Necrotise (safe; 11% risk of failure)
Press: ? - help, Shift-Dir - straight line, f/p - Ijyb
Aim: Ijyb, wielding a +0 dagger, wearing a +1 leather armour of willpower and carrying a wand of mindburst (chance to affect: 13%) Ijyb resists with almost no effort.
Ijyb zaps a wand.
Your mind is blasted!
* * * LOW HITPOINT WARNING * * *
The goblin hits you but does no damage.
Casting: Necrotise (safe; 11% risk of failure)
Confirm with . or Enter, or press ? or * to list all spells.
Aiming: Necrotise (safe; 11% risk of failure)
Press: ? - help, Shift-Dir - straight line, f/p - Ijyb
Aim: Ijyb, wielding a +0 dagger, wearing a +1 leather armour of willpower and carrying a wand of mindburst (chance to affect: 13%) Ijyb resists with almost no effort.
The goblin closely misses you.
Ijyb zaps a wand.
Your mind is blasted!
Ouch! That really hurt!
You die...

..# #####
#.###...##
#.##.....####..
#####.##....g......
....#..#...hg#
#.........##
##.....####
#[#####...##
#...<....##
########.# #.# #+#


You could see Ijyb and a goblin.

Vanquished Creatures
  A gnoll (D:1)
  2 adders (D:2)
  4 endoplasms
  2 giant cockroaches (D:1)
  3 hobgoblins
  3 jackals (D:1)
  2 kobolds (D:1)
  A quokka (D:1)
  2 ball pythons
  A bat (D:1)
  3 frilled lizards (D:1)
  2 goblins (D:1)
  4 rats
30 creatures vanquished.

Notes
Turn   | Place    | Note
-------+----------+-------------------------------------------
     0 | D:1      | senseless the Demonspawn Shapeshifter began the quest for
                  | the Orb.
     0 | D:1      | Reached XP level 1. HP: 15/15 MP: 1/1
    86 | D:1      | Gained mutation: You regenerate a little health from kills.
                  | [demonic ancestry]
    86 | D:1      | Reached XP level 2. HP: 21/21 MP: 2/2
   531 | D:1      | Gained mutation: You regenerate health from kills. [demonic
                  | ancestry]
   531 | D:1      | Reached XP level 3. HP: 27/27 MP: 3/3
  1384 | D:2      | Learned a level 1 spell: Necrotise
  1618 | D:3      | Noticed Ijyb
  1627 | D:3      | Blown up by Ijyb

Illustrated notes

Levels and vault maps discovered:
D:1:      beargit_arrival_greenhouse, layout_basic
D:2:      layout_basic, minmay_misc_feat_nine_boxes
D:3:      layout_loops_corners, mainiacjoe_overflow_catwalk,
          cheibriados_altar_1, gammafunk_temple_overflow_arena, uniq_ijyb,
          uniq_grinder, uniq_robin

Skill      XL: |  1  2  3 |
---------------+----------+-----
Dodging        | 2 |  2.3
Unarmed Combat | 3 |  3.1
Shapeshifting  | 3 |  3.1
Fighting       | 2 |  2.0

Action                     || total
---------------------------++-------
  Melee: Unarmed           ||   117
         Punch             ||     2
   Cast: Necrotise         ||     2
    Use: Scroll            ||     9
 Armour: Animal skin       ||    59
  Dodge: Dodged            ||    89

Table legend: (Time is in decaauts)
 A = Elapsed time spent in this place.
 B = Non-inter-level travel time spent in this place.
 C = Inter-level travel time spent in this place.
 D = Time resting spent in this place.
 E = Time spent auto-exploring this place.
 F = Levels seen in this place.
 G = Mean time per level.
                   A        B        C        D        E       F      G
               +--------+--------+--------+--------+--------+-----+--------+
         Total |   1619 |   1559 |     60 |     49 |   1260 |   3 |  539.7 |
       Dungeon |   1619 |   1559 |     60 |     49 |   1260 |   3 |  539.7 |
               +--------+--------+--------+--------+--------+-----+--------+

Top non-repeatable levels by time:
     D:1: 825 daAuts
     D:2: 773 daAuts
     D:3: 20 daAuts
